 Dungeon Crawl Stone Soup version 0.18.1-48-g4cf74bf (webtiles) character file.

68 Pierrem the Skirmisher (level 4, -1/36 HPs)
             Began as a Human Berserker on Aug 8, 2016.
             Was a Believer of Trog.
             Slain by TBriggs11TB's ghost (11 damage)
             ... on level 3 of the Dungeon.
             The game lasted 00:08:57 (1556 turns).

Pierrem the Skirmisher (Human Berserker)            Turns: 1556, Time: 00:08:57

Health: -1/36      AC:  6    Str: 19    XL:     4   Next: 41%
Magic:  4/4        EV:  6    Int:  7    God:    Trog [**....]
Gold:   55         SH:  3    Dex: 12    Spells: 0 memorised, 3 levels left

rFire  . . .     SeeInvis .     r - +0 war axe
rCold  . . .     Gourm    .     d - +0 ring mail
rNeg   . . .     Faith    .     j - +0 buckler
rPois  .         Spirit   .     c - +0 helmet
rElec  .         Dismiss  .     (no cloak)
rCorr  .         Reflect  .     (no gloves)
SustAt .         Harm     .     (no boots)
MR     .....                    (no amulet)
Stlth  +.........               (no ring)
                                (no ring)

@: not resistant to hostile enchantments, very unstealthy
A: no striking features
a: Berserk, Trog's Hand, Burn Spellbooks, Renounce Religion


You were on level 3 of the Dungeon.
You worshipped Trog.
Trog was pleased with you.
You were very full.

You visited 1 branch of the dungeon, and saw 3 of its levels.

You collected 55 gold pieces.

Inventory:

Hand Weapons
 a - a +0 falchion
 r - a +0 war axe (weapon)
Missiles
 k - 51 stones (quivered)
 l - 6 javelins
Armour
 b - a +0 animal skin
 c - a +0 helmet (worn)
 d - a +0 ring mail (worn)
 j - a +0 buckler (worn)
Jewellery
 h - an uncursed ring of ice {unknown}
Scrolls
 e - a scroll of enchant armour {unknown}
 g - 2 scrolls of enchant weapon {unknown}
 i - a scroll of remove curse {unknown}
 n - 2 scrolls of teleportation {unknown}
 o - 2 scrolls of recharging {unknown}
 p - a scroll of fog {unknown}
Potions
 m - a potion of curing
 q - 3 potions of might
Comestibles
 f - a bread ration


   Skills:
 + Level 3.6 Fighting
 + Level 3.5 Long Blades
 + Level 2.5 Armour
 + Level 2.5 Dodging
 + Level 0.4 Stealth
 + Level 0.4 Shields


You had 3 spell levels left.
You didn't know any spells.

Dungeon Overview and Level Annotations

Branches:
Dungeon (3/15)

Altars:

Annotations:
D:3 TBriggs11TB's ghost, amateur FoFi


Message History

Trog accepts your kill. TBriggs11TB's ghost barely misses you.
You hit TBriggs11TB's ghost but do no damage.
TBriggs11TB's ghost is lightly damaged.
You block TBriggs11TB's ghost's attack.
TBriggs11TB's ghost hits you but does no damage.
You hit TBriggs11TB's ghost.
TBriggs11TB's ghost is lightly damaged.
TBriggs11TB's ghost barely misses you.
You closely miss TBriggs11TB's ghost.
TBriggs11TB's ghost is lightly damaged.
TBriggs11TB's ghost hits you but does no damage.
TBriggs11TB's ghost barely misses you.
You hit TBriggs11TB's ghost.
TBriggs11TB's ghost is moderately damaged.
TBriggs11TB's ghost says, "My insurmountable tactics guarantee your defeat."
TBriggs11TB's ghost hits you!
* * * LOW HITPOINT WARNING * * *
TBriggs11TB's ghost hits you!
You die...

... .................†..)..
######.#####....#..........####
...............................
......##..†.....#..........####
......##.....####..........#
........†..### #..........#
...........# #..........#
...........#######.........#
.............)@W...........#
...............#############
#..............#
#....?.........#
#######.######## #. #.


You could see TBriggs11TB's ghost.

Vanquished Creatures
  2 adders (D:3)
  An adder zombie (D:3)
  A worm (D:3)
  A giant gecko (D:3)
  A ball python (D:1)
  A giant cockroach (D:1)
  5 hobgoblins
  A quokka (D:2)
  6 bats
  2 giant newts
  8 goblins
  9 kobolds
  4 rats
42 creatures vanquished.

Vanquished Creatures (others)
  A hobgoblin (D:1)
1 creature vanquished.

Grand Total: 43 creatures vanquished

Notes
Turn   | Place    | Note
--------------------------------------------------------------
     0 | D:1      | Pierrem the Human Berserker began the quest for the Orb.
     0 | D:1      | Reached XP level 1. HP: 18/18 MP: 1/1
   162 | D:1      | Reached XP level 2. HP: 24/24 MP: 2/2
   604 | D:2      | Reached XP level 3. HP: 21/29 MP: 3/3
   856 | D:2      | Reached ** piety under Trog
  1065 | D:3      | Reached XP level 4. HP: 33/35 MP: 4/4
  1123 | D:3      | Noticed TBriggs11TB's ghost (amateur FoFi)
  1556 | D:3      | Slain by TBriggs11TB's ghost

Action                   |  1- 3 |  4- 6 || total
-------------------------+-------+-------++-------
Melee: Falchion          |    94 |    46 ||   140
       War axe           |       |     7 ||     7
Invok: Berserk           |     2 |       ||     2
  Use: Potion            |     3 |       ||     3
  Eat: Meat ration       |     2 |       ||     2
       Bread ration      |     1 |       ||     1
Armor: Ring mail         |    55 |    59 ||   114
Dodge: Dodged            |    79 |    87 ||   166
Block: Buckler           |    10 |    15 ||    25
